 Dungeon Crawl Stone Soup version 0.25-a0-458-g6fc7858b95 (webtiles) character file.

Game seed: 3785207856810841273, levelgen mode: deterministic

2522 Error4North the Shield-Bearer (level 9, -4/78 HPs)
             Began as a Hill Orc Fighter on Feb 2, 2020.
             Slain by a killer bee (6 damage)
             ... on level 9 of the Dungeon.
             The game lasted 00:23:06 (5581 turns).

Error4North the Shield-Bearer (Hill Orc Fighter)    Turns: 5581, Time: 00:23:07

Health: -4/78      AC: 15    Str: 22    XL:     9   Next: 54%
Magic:  13/13      EV:  7    Int:  8    God:
Gold:   224        SH: 15    Dex: 10    Spells: 13/13 levels left

rFire    . . .     SeeInvis .   a - +0 war axe
rCold    . . .     Gourm    .   c - +0 shield
rNeg     . . .     Faith    .   u - +0 chain mail
rPois    .         Spirit   .   s - +0 helmet
rElec    .         Reflect  +   k - +1 cloak
rCorr    .         Harm     .   (no gloves)
MR       .....                  r - +0 pair of boots
Stlth    ..........             D - +4 amulet of reflection
HPRegen  0.23/turn              (no ring)
MPRegen  0.13/turn              (no ring)

@: lethally poisoned (-4 -> -10)
A: no striking features
a: no special abilities


You were on level 9 of the Dungeon.
You were not hungry.

You visited 1 branch of the dungeon, and saw 7 of its levels.

You collected 224 gold pieces.

Inventory:

Hand Weapons
 a - a +0 war axe (weapon)
 e - a +1 mace of protection
Missiles
 h - 4 boomerangs (quivered)
Armour
 c - a +0 shield (worn)
 k - a +1 cloak (worn)
 r - a +0 pair of boots (worn)
 s - a +0 helmet (worn)
 u - a +0 chain mail (worn)
Jewellery
 D - a +4 amulet of reflection (around neck)
Wands
 g - a wand of digging (3)
 v - a wand of polymorph (10)
 x - a wand of flame (9)
 C - a wand of acid (7)
Scrolls
 i - 8 scrolls of remove curse {unknown}
 m - 11 scrolls of identify
 p - 2 scrolls of noise {unknown}
 q - 5 scrolls of teleportation {unknown}
 t - 2 scrolls of fear {unknown}
 w - 2 scrolls of fog {unknown}
 y - 3 scrolls of amnesia {unknown}
 A - a scroll of enchant weapon {unknown}
Potions
 l - 2 potions of cancellation
Comestibles
 b - 2 chunks of flesh
 f - 9 rations


   Skills:
 * Level 6.5 Fighting
 + Level 6.9(7.4) Axes
 + Level 3.1(4.8) Maces & Flails
 + Level 2.0 Throwing
 * Level 6.0 Armour
 + Level 1.4 Dodging
 + Level 0.7 Stealth
 * Level 7.7 Shields
 * Level 2.8 Spellcasting
 * Level 3.2 Evocations


You had 13 spell levels left.
You didn't know any spells.
Your spell library contained the following spells:

 Spells                   Type           Power        Failure   Level  Hunger
 Freeze                   Ice            #...         100%        1    ##.....
 Sandblast                Erth           #.....       100%        1    ##.....
 Passwall                 Tmut/Erth      #.......     100%        2    ###....
 Ozocubu's Armour         Chrm/Ice       #.......     100%        3    ####...
 Stone Arrow              Conj/Erth      #.....       100%        3    ####...
 Hailstorm                Conj/Ice       #.......     100%        4    #####..
 Petrify                  Tmut/Erth      #.......     100%        4    #####..
 Summon Ice Beast         Ice/Summ       #.......     100%        4    #####..
 Lee's Rapid Deconstruct  Erth           #.........   100%        5    ######.


Dungeon Overview and Level Annotations

Branches:
Dungeon (6/15)
 Temple: D:4-7

Altars:
Gozag
Hepliaklqana
Ru
Uskayaw
The Shining One


Message History

You barely miss the killer bee.
The killer bee is heavily wounded.
You hit the killer bee but do no damage.
* * * LOW HITPOINT WARNING * * *
You feel sick.
The killer bee stings you but does no damage.
You block the killer bee's attack. x3
Your shield and chain mail prevent you from hitting the killer bee.
The killer bee is heavily wounded.
You hit the killer bee.
You kill the killer bee!
* * * LOW HITPOINT WARNING * * *
You feel sick. You block the killer bee's attack. The killer bee stings you.
* * * LOW HITPOINT WARNING * * *
You slash the killer bee!
The killer bee is almost dead.
You hit the killer bee.
* * * LOW HITPOINT WARNING * * *
You feel sick. The killer bee stings you.
You die...

... .. #.# # .### ##..##
# ..# .....# #
#######.### ###.....# #
#.<.......# ##.......#
####.........# #y.#.y...#
##...........###y##.....#
# #.........ooy@# .....#
# #.........##### .....#
+ ##.######## .....# #
#.##### ##.### # #.....#
.# #####.# #.# #.# ##'##


You could see 3 killer bees and 2 orcs.

Vanquished Creatures
  A troll (D:6)
  Eustachio (D:6)
  Edmund (D:4)
  An ice beast (D:5)
  A sky beast (D:6)
  Duvessa (D:6)
  4 ogres
  2 phantoms
  Dowan (D:6)
  9 killer bees (D:9)
  2 centaur zombies (D:5)
  3 bullfrog zombies
  A hound (D:5)
  A jelly (D:9)
  A bullfrog skeleton (D:5)
  An iguana (D:6)
  Terence (D:3)
  Jessica (D:2)
  3 orc wizards
  3 worker ants
  A hound zombie (D:5)
  A worker ant zombie (D:5)
  Robin (D:2)
  10 adders
  A gnoll (D:1)
  4 shadow imps
  5 oozes
  An adder zombie (D:5)
  An adder skeleton (D:6)
  4 worms
  4 dart slugs
  8 leopard geckos
  7 orcs
  3 giant cockroaches
  7 goblins
  7 hobgoblins
  9 jackals
  9 kobolds
  3 quokkas
  12 bats
  9 frilled lizards
  A leopard gecko skeleton (D:4)
  2 leopard gecko zombies
  A quokka zombie (D:5)
  9 rats
159 creatures vanquished.

Notes
Turn   | Place    | Note
-------+----------+-------------------------------------------
     0 | D:1      | Error4North the Hill Orc Fighter began the quest for the
                  | Orb.
     0 | D:1      | Reached XP level 1. HP: 19/19 MP: 1/1
    17 | D:1      | Reached XP level 2. HP: 16/27 MP: 2/2
   480 | D:1      | Reached XP level 3. HP: 30/33 MP: 3/3
   514 | D:1      | Reached skill level 4 in Shields
  1024 | D:2      | Found an opulent altar of Gozag.
  1173 | D:2      | Reached XP level 4. HP: 25/40 MP: 4/4
  1392 | D:2      | Noticed Jessica
  1397 | D:2      | Killed Jessica
  1417 | D:2      | Reached XP level 5. HP: 44/46 MP: 5/5
  1508 | D:2      | Noticed Robin
  1513 | D:2      | Killed Robin
  2205 | D:3      | Noticed an ogre
  2213 | D:3      | Killed an ogre
  2213 | D:3      | Reached skill level 1 in Throwing
  2213 | D:3      | Reached skill level 5 in Shields
  2213 | D:3      | Reached XP level 6. HP: 52/52 MP: 6/6
  2248 | D:3      | Found a sacrificial altar of Ru.
  2488 | D:3      | Noticed Terence
  2499 | D:3      | Killed Terence
  3301 | D:4      | Found a hide-covered altar of Uskayaw.
  3451 | D:4      | Reached skill level 5 in Axes
  3674 | D:4      | Noticed Edmund
  3697 | D:4      | Killed Edmund
  3697 | D:4      | Reached skill level 1 in Dodging
  3697 | D:4      | Reached XP level 7. HP: 18/60 MP: 7/7
  4063 | D:5      | Entered Level 5 of the Dungeon
  4076 | D:5      | Reached skill level 1 in Maces & Flails
  4076 | D:5      | Reached skill level 5 in Armour
  4076 | D:5      | Reached skill level 1 in Evocations
  4181 | D:5      | Reached skill level 1 in Spellcasting
  4235 | D:5      | Reached skill level 5 in Fighting
  4235 | D:5      | Reached XP level 8. HP: 61/68 MP: 8/10
  4245 | D:5      | Reached skill level 6 in Shields
  4750 | D:6      | Noticed a troll
  4768 | D:6      | Killed a troll
  4782 | D:6      | Found a glowing golden altar of the Shining One.
  4782 | D:6      | Found a hazy altar of Hepliaklqana.
  4817 | D:6      | Noticed Eustachio
  4828 | D:6      | Killed Eustachio
  4925 | D:6      | Noticed Dowan
  4925 | D:6      | Noticed Duvessa
  4944 | D:6      | Killed Duvessa
  4944 | D:6      | Reached XP level 9. HP: 70/75 MP: 12/12
  4945 | D:6      | Killed Dowan
  5101 | D:6      | Reached skill level 7 in Shields
  5183 | D:6      | You fall into a shaft and drop 3 floors!
  5580 | D:9      | HP: 3/78 [killer bee (2)]
  5581 | D:9      | Slain by a killer bee

Levels and vault maps discovered:
D:1:      lightli_iron_boxes, layout_loops_ring, st_stairs_7
D:2:      minmay_recursive_quarters, layout_basic, nicolae_gozag_seed_capital,
          chequers_serial_rivers_room_a, uniq_jessica, uniq_robin
D:3:      layout_loops_corners, nicolae_ru_path_of_blood, uniq_terence
D:4:      layout_rooms, overflow_temple_1_default, first_ration, minivault_27,
          amethyst_killhole, minmay_quantized, uniq_edmund
D:5:      layout_rooms, serial_undead, serial_undead_a, serial_undead_a,
          serial_undead_b, serial_undead_f
D:6:      layout_loops_ring, kennysheep_mini, gammafunk_temple_overflow_statue,
          uniq_prince_ribbit1, uniq_duvessa, uniq_maggie, uniq_eustachio
D:9:      layout_roguey, grunt_temple_overflow_forces_of_nature, serial_shops,
          shop_fountains, enter_bailey_3

Skill      XL: |  1  2  3  4  5  6  7  8  9 |
---------------+----------------------------+-----
Axes           | 3 4 5 6 |  6.9
Shields        | 4 5 6 7 |  7.7
Armour         | 4 5 6 |  6.0
Fighting       | 4 5 6 |  6.5
Throwing       | 1 2 |  2.0
Dodging        | 1 |  1.4
Maces & Flails | 1 2 3 |  3.1
Evocations     | 1 2 3 |  3.2
Spellcasting   | 1 2 |  2.8
Stealth        | |  0.7

Action                   |  1- 3 |  4- 6 |  7- 9 || total
-------------------------+-------+-------+-------++-------
Melee: War axe           |   100 |   225 |   271 ||   596
       Mace              |       |    29 |   102 ||   131
Throw: Boomerang         |    21 |    38 |    22 ||    81
Evoke: Wand              |       |       |     2 ||     2
  Use: Potion            |       |     1 |    12 ||    13
       Scroll            |       |       |     1 ||     1
 Stab: Invisible         |       |       |     4 ||     4
  Eat: Chunk             |     1 |     8 |     4 ||    13
       Ration            |       |       |     1 ||     1
Armor: Scale mail        |    63 |    71 |       ||   134
       Chain mail        |       |    52 |   209 ||   261
Dodge: Dodged            |    44 |    58 |   124 ||   226
Block: Shield            |    61 |   154 |   350 ||   565
       Reflection        |       |       |     2 ||     2

Table legend:
 A = Non-vault XP
 B = Vault XP
 C = Vault XP percentage of total XP
 D = Non-vault monster count
 E = Vault monster count
 F = Vault count percentage of total count
                 A         B        C        D         E       F
            +---------+---------+-------+---------+---------+-------
      Total |    2649 |     955 |  26.5 |     131 |      28 |  17.6
            +---------+---------+-------+---------+---------+-------
        D:1 |      57 |       4 |   6.6 |      27 |       1 |   3.6
        D:2 |     135 |      74 |  35.4 |      27 |      11 |  28.9
        D:3 |     189 |      38 |  16.7 |      17 |       1 |   5.6
        D:4 |      63 |     206 |  76.6 |       8 |       4 |  33.3
        D:5 |     700 |     225 |  24.3 |      21 |       8 |  27.6
        D:6 |     672 |     408 |  37.8 |      13 |       3 |  18.8
        D:9 |     833 |       0 |   0.0 |      18 |       0 |   0.0
            +---------+---------+-------+---------+---------+-------
